 Dungeon Crawl Stone Soup version 0.20.1-1-g8b1a95d (webtiles) character file.

198 bobthegiant the Slasher (level 5, -4/38 HPs)
             Began as a Vampire Gladiator on Dec 25, 2017.
             Slain by Eustachio
             ... wielding a +0 falchion
              (5 damage)
             ... on level 4 of the Dungeon.
             The game lasted 00:09:04 (2547 turns).

bobthegiant the Slasher (Vampire Gladiator)         Turns: 2547, Time: 00:09:06

Health: -4/38      AC:  5    Str: 14    XL:     5   Next: 47%
Magic:  5/5        EV: 13    Int: 10    God:
Gold:   186        SH:  0    Dex: 16    Spells: 4/4 levels left

rFire    . . .     SeeInvis +   a - +0 long sword
rCold    . . .     Gourm    .   (no shield)
rNeg     + . .     Faith    .   n - +0 leather armour
rPois    .         Spirit   .   c - +0 helmet
rElec    .         Reflect  .   i - +0 cloak
rCorr    .         Harm     .   (no gloves)
MR       .....                  (no boots)
Stlth    +.........             (no amulet)
Regen    0.2/turn               (no ring)
MPRegen  0.1/turn               (no ring)

@: no status effects
A: fangs 3, see invisible, unbreathing
a: Bat Form


You were on level 4 of the Dungeon.
You were not thirsty.

You visited 1 branch of the dungeon, and saw 4 of its levels.

You collected 186 gold pieces.

Inventory:

Hand Weapons
 a - a +0 long sword (weapon)
 b - a cursed -3 hunting sling
Missiles
 d - 3 throwing nets
 m - 21 poisoned needles
 o - 45 stones (quivered)
Armour
 c - a +0 helmet (worn)
 i - a +0 cloak (worn)
 n - a +0 leather armour (worn)
Jewellery
 g - a +2 ring of evasion {unknown}
 k - an uncursed ring of protection from fire {unknown}
 v - an uncursed ring of poison resistance {unknown}
Wands
 e - a wand of lightning (9/15)
Scrolls
 h - 2 scrolls of recharging {unknown}
 j - a scroll of fear {unknown}
 p - 5 scrolls of teleportation {unknown}
 t - a scroll of identify {unknown}
 u - a scroll of random uselessness {unknown}
 x - a scroll of remove curse {unknown}
Potions
 f - 4 potions of curing {unknown}
 l - 2 potions of might {unknown}
 q - 9 potions of blood
 r - a potion of brilliance {unknown}
 s - a potion of berserk rage {unknown}
 w - 3 potions of mutation {unknown}


   Skills:
 - Level 1.7 Fighting
 + Level 6.2 Long Blades
 - Level 1.5 Throwing
 - Level 3.2 Dodging


You had 4 spell levels left.
You didn't know any spells.

Dungeon Overview and Level Annotations

Branches:
Dungeon (4/15)
 Temple: D:4-7

Altars:
Elyvilon
Trog

Annotations:
D:4 Eustachio


Innate Abilities, Weirdness & Mutations

You have razor-sharp teeth.
You have supernaturally acute eyesight. (SInv)
You can survive without breathing.


Message History

Eustachio is almost dead.
The bat barely misses you.
You riposte.
You hit the bat.
The bat is moderately wounded.
The bat hits you.
* * * LOW HITPOINT WARNING * * *
The rat barely misses you. The quokka completely misses you.
Eustachio barely misses you.
You hit Eustachio but do no damage.
Eustachio is almost dead.
The bat misses you. The quokka bites you.
* * * LOW HITPOINT WARNING * * *
The rat closely misses you. The rat bites you but does no damage.
Eustachio completely misses you.
You barely miss Eustachio.
Eustachio is almost dead.
The quokka barely misses you. The rat closely misses you.
The rat bites you but does no damage. The bat barely misses you.
The quokka bites you but does no damage.
Eustachio hits you with a falchion.
You die...

#............. ##
##........... #.#
##.........#
#..#######.........##
##......#.........###
#................##
##...............##
#....br........###
#...@@r......##
#<..r..##...##
##....####...# #..###
##..# #.# #...# ##
##.... .%#.. .###.


You could see Eustachio, a quokka, a bat and 2 rats.

Vanquished Creatures
  Jessica (D:3)
  4 gnolls
  7 adders
  3 worms
  3 dart slugs
  A leopard gecko (D:1)
  4 giant cockroaches
  10 goblins
  10 hobgoblins
  2 kobolds
  A ball python (D:3)
  6 bats
  2 frilled lizards (D:1)
  6 rats
  A fungus (D:1)
61 creatures vanquished.

Notes
Turn   | Place    | Note
-------+----------+-------------------------------------------
     0 | D:1      | bobthegiant the Vampire Gladiator began the quest for the Orb.
     0 | D:1      | Reached XP level 1. HP: 16/16 MP: 1/1
   470 | D:1      | Reached XP level 2. HP: 17/22 MP: 2/2
   863 | D:1      | Reached skill level 4 in Long Blades
   946 | D:1      | Reached XP level 3. HP: 22/27 MP: 3/3
  1285 | D:2      | Found a white marble altar of Elyvilon.
  1354 | D:2      | Reached XP level 4. HP: 33/33 MP: 4/4
  1362 | D:2      | Reached skill level 5 in Long Blades
  1804 | D:3      | Found a bloodstained altar of Trog.
  1842 | D:3      | Noticed Jessica
  1856 | D:3      | Killed Jessica
  1856 | D:3      | Reached XP level 5. HP: 37/38 MP: 5/5
  1890 | D:3      | Reached skill level 6 in Long Blades
  2521 | D:4      | Noticed Eustachio
  2546 | D:4      | HP: 1/38 [quokka[Eustachio] (1)]
  2547 | D:4      | Slain by Eustachio

Skill      XL: |  1  2  3  4  5 |
---------------+----------------+-----
Long Blades    | 4 5 6 |  6.2
Fighting       | |  1.7
Throwing       | |  1.5
Dodging        | |  3.2

Action                   |  1- 3 |  4- 6 || total
-------------------------+-------+-------++-------
Melee: Long sword        |    92 |   127 ||   219
       Bite              |     9 |    19 ||    28
Throw: Throwing net      |       |     1 ||     1
 Abil: End Transformatio |       |     1 ||     1
       Bat Form          |       |     1 ||     1
  Use: Potion            |     9 |       ||     9
  Eat: Corpse            |       |     1 ||     1
Armor: Leather armour    |    34 |    34 ||    68
Dodge: Dodged            |    80 |   107 ||   187
       Rpst.: Long sword |    20 |    24 ||    44
